Dernière mise à jour: 2025-12-07 16:11:59
% Time on Ice - SACRAMENTO BANDITS
Lines # - Real PCT - Wanted PCT - Time Play
Normal Forward
1 - 33% - 36% - 17:53
2 - 29% - 31% - 15:27
3 - 23% - 23% - 12:31
4 - 14% - 10% - 7:32
Normal Defense
1 - 33% - 36% - 17:33
2 - 32% - 31% - 17:13
3 - 29% - 23% - 15:42
4 - 5% - 10% - 2:55
PP Forward
1 - 100% - 55% - 0:24
2 - 0% - 45% - 0:00
PP Defense
1 - 0% - 55% - 0:00
2 - 100% - 45% - 0:24
PK Forward
1 - 62% - 55% - 3:53
2 - 38% - 45% - 2:20
PK Defense
1 - 43% - 55% - 2:41
2 - 57% - 45% - 3:32
PK3 Forward
1 - 0% - 55%
2 - 0% - 45%
PK3 Defense
1 - 0% - 55%
2 - 0% - 45%
44 Forward
1 - 0% - 55%
2 - 0% - 45%
44 Defense
1 - 0% - 55%
2 - 0% - 45%
Last Minute Offensive  - 0:00
Last Minute Defensive  - 0:00
Total
Forward - 60:00
Defense - 60:00
% Time on Ice - ANAHEIM OUTLAWS
Lines # - Real PCT - Wanted PCT - Time Play
Normal Forward
1 - 34% - 36% - 17:59
2 - 33% - 31% - 17:23
3 - 24% - 23% - 12:41
4 - 10% - 10% - 5:20
Normal Defense
1 - 34% - 36% - 17:56
2 - 34% - 31% - 17:56
3 - 25% - 23% - 13:30
4 - 8% - 10% - 4:01
PP Forward
1 - 55% - 55% - 3:27
2 - 45% - 45% - 2:46
PP Defense
1 - 43% - 55% - 2:40
2 - 57% - 45% - 3:33
PK Forward
1 - 100% - 55% - 0:24
2 - 0% - 45% - 0:00
PK Defense
1 - 100% - 55% - 0:24
2 - 0% - 45% - 0:00
PK3 Forward
1 - 0% - 55%
2 - 0% - 45%
PK3 Defense
1 - 0% - 55%
2 - 0% - 45%
44 Forward
1 - 0% - 55%
2 - 0% - 45%
44 Defense
1 - 0% - 55%
2 - 0% - 45%
Last Minute Offensive  - 0:00
Last Minute Defensive  - 0:00
Total
Forward - 60:00
Defense - 60:00
Play-by-Play 1st period 0:01 of 1st period - Blake Wheeler wins face-off versus Adrian Kempe in neutral zone. 0:08 of 1st period - Shot by Blake Wheeler. 0:08 of 1st period - Stopped by Mackenzie Blackwood without a rebound. 0:09 of 1st period - Anthony Beauvillier wins face-off versus Jeff Skinner in ANAHEIM OUTLAWS zone. 0:10 of 1st period - Shot by Jakob Silfverberg. 0:10 of 1st period - Shot Misses the Net. 0:22 of 1st period - Shot by Carter Verhaeghe. 0:22 of 1st period - Shot Misses the Net. 0:53 of 1st period - Shot by Carter Verhaeghe. 0:53 of 1st period - Stopped by Matthew Murray without a rebound. 0:54 of 1st period - Pierre Engvall wins face-off versus Adam Gaudette in SACRAMENTO BANDITS zone. 1:04 of 1st period - Lawson Crouse is hit by Noah Hanifin and loses puck. 1:49 of 1st period - Icing by Rasmus Ristolainen. 1:50 of 1st period - Blake Wheeler wins face-off versus Pierre Engvall in ANAHEIM OUTLAWS zone. 1:59 of 1st period - Shot by Corey Perry. 1:59 of 1st period - Stopped by Mackenzie Blackwood without a rebound. 2:00 of 1st period - Fredrik Karlstrom wins face-off versus Adrian Kempe in ANAHEIM OUTLAWS zone. 2:05 of 1st period - Shot by Dillon Dube. 2:05 of 1st period - Stopped by Mackenzie Blackwood without a rebound. 2:06 of 1st period - Adrian Kempe wins face-off versus Blake Wheeler in ANAHEIM OUTLAWS zone. 3:21 of 1st period - Shot by Jakob Silfverberg. 3:21 of 1st period - Stopped by Mackenzie Blackwood without a rebound. 3:22 of 1st period - Fredrik Karlstrom wins face-off versus Jeff Skinner in ANAHEIM OUTLAWS zone. 3:27 of 1st period - Shot by Kiefer Sherwood. 3:27 of 1st period - Stopped by Mackenzie Blackwood without a rebound. 3:28 of 1st period - Fredrik Karlstrom wins face-off versus Carter Verhaeghe in ANAHEIM OUTLAWS zone. 3:51 of 1st period - Shot by Morgan Rielly. 3:51 of 1st period - Stopped by Matthew Murray without a rebound. 3:52 of 1st period - Anthony Beauvillier wins face-off versus Adrian Kempe in SACRAMENTO BANDITS zone. 4:19 of 1st period - Shot by Anthony Beauvillier. 4:19 of 1st period - Stopped by Mackenzie Blackwood without a rebound. 4:20 of 1st period - Blake Wheeler wins face-off versus Jeff Skinner in ANAHEIM OUTLAWS zone. 4:23 of 1st period - Shot by Corey Perry. 4:23 of 1st period - Stopped by Mackenzie Blackwood with a rebound. 4:48 of 1st period - Shot by Corey Perry. 4:48 of 1st period - Stopped by Mackenzie Blackwood without a rebound. 4:49 of 1st period - Adrian Kempe wins face-off versus Adam Gaudette in ANAHEIM OUTLAWS zone. 4:49 of 1st period - Adrian Kempe is hit by Adam Gaudette. 5:03 of 1st period - Adrian Kempe is hit by Antti Tuomisto and loses puck. 5:22 of 1st period - Shot by Kevin Fiala. 5:22 of 1st period - Stopped by Matthew Murray without a rebound. 5:23 of 1st period - Pierre Engvall wins face-off versus Anthony Beauvillier in SACRAMENTO BANDITS zone. 5:32 of 1st period - Shot by Alexander Nylander. 5:32 of 1st period - Stopped by Matthew Murray without a rebound. 5:33 of 1st period - Blake Wheeler wins face-off versus Pius Suter in SACRAMENTO BANDITS zone. 6:15 of 1st period - Shot by Kent Johnson. 6:15 of 1st period - Shot Misses the Net. 6:39 of 1st period - Shot by Jeff Skinner. 6:39 of 1st period - Stopped by Matthew Murray without a rebound. 6:40 of 1st period - Anthony Beauvillier wins face-off versus Adrian Kempe in SACRAMENTO BANDITS zone. 6:53 of 1st period - Shot by Anthony Beauvillier. 6:53 of 1st period - Shot Misses the Net. 7:08 of 1st period - Shot by Jakob Silfverberg. 7:08 of 1st period - Shot Blocked by Noah Hanifin. 7:42 of 1st period - Shot by Lawson Crouse. 7:42 of 1st period - Shot Misses the Net. 8:06 of 1st period - Shot by Lawson Crouse. 8:06 of 1st period - Stopped by Mackenzie Blackwood without a rebound. 8:07 of 1st period - Fredrik Karlstrom wins face-off versus Jeff Skinner in ANAHEIM OUTLAWS zone. 8:18 of 1st period - Shot by Kiefer Sherwood. 8:18 of 1st period - Stopped by Mackenzie Blackwood without a rebound. 8:19 of 1st period - Blake Wheeler wins face-off versus Pius Suter in ANAHEIM OUTLAWS zone. 8:40 of 1st period - Antti Tuomisto is hit by Pius Suter and loses puck. 8:44 of 1st period - Icing by Josh Anderson. 8:45 of 1st period - Jeff Skinner wins face-off versus Corey Perry in SACRAMENTO BANDITS zone. 9:01 of 1st period - Shot by Corey Perry. 9:01 of 1st period - Stopped by Mackenzie Blackwood without a rebound. 9:02 of 1st period - Anthony Beauvillier wins face-off versus Adrian Kempe in ANAHEIM OUTLAWS zone. 9:23 of 1st period - Shot by Morgan Rielly. 9:23 of 1st period - Goal by Morgan Rielly - SACRAMENTO BANDITS : 0 - ANAHEIM OUTLAWS : 1. 9:24 of 1st period - Adam Gaudette wins face-off versus Jeff Skinner in neutral zone. 9:27 of 1st period - Shot by Matthew Knies. 9:27 of 1st period - Shot Misses the Net. 9:31 of 1st period - Shot by Lawson Crouse. 9:31 of 1st period - Stopped by Mackenzie Blackwood without a rebound. 9:32 of 1st period - Fredrik Karlstrom wins face-off versus Pierre Engvall in ANAHEIM OUTLAWS zone. 9:55 of 1st period - Shot by Pierre Engvall. 9:55 of 1st period - Shot Blocked by Dillon Dube. 9:57 of 1st period - Shot by Oliver Ekman-Larsson. 9:57 of 1st period - Shot Misses the Net. 10:01 of 1st period - Shot by Jack Quinn. 10:01 of 1st period - Stopped by Matthew Murray without a rebound. 10:02 of 1st period - Jeff Skinner wins face-off versus Adam Gaudette in SACRAMENTO BANDITS zone. 10:42 of 1st period - Michael Bunting is hit by Luke Schenn. 11:19 of 1st period - Shot by Jakob Silfverberg. 11:19 of 1st period - Stopped by Mackenzie Blackwood with a rebound. 11:21 of 1st period - Shot by Anthony Beauvillier. 11:21 of 1st period - Shot Misses the Net. 11:23 of 1st period - Shot by Dominik Kubalik. 11:23 of 1st period - Stopped by Mackenzie Blackwood without a rebound. 11:24 of 1st period - Pierre Engvall wins face-off versus Blake Wheeler in ANAHEIM OUTLAWS zone. 12:05 of 1st period - Alexander Nylander is hit by Reilly Walsh and loses puck. 12:13 of 1st period - Icing by Josh Anderson. 12:14 of 1st period - Adrian Kempe wins face-off versus Corey Perry in SACRAMENTO BANDITS zone. 12:26 of 1st period - Blake Wheeler is hit by Michael Rasmussen and loses puck. 12:36 of 1st period - Icing by Michael Rasmussen. 12:37 of 1st period - Anthony Beauvillier wins face-off versus Adrian Kempe in ANAHEIM OUTLAWS zone. 12:41 of 1st period - Icing by Noah Hanifin. 12:42 of 1st period - Anthony Beauvillier wins face-off versus Adrian Kempe in ANAHEIM OUTLAWS zone. 12:42 of 1st period - Anthony Beauvillier is hit by Noah Hanifin. 12:52 of 1st period - Shot by Jakob Silfverberg. 12:52 of 1st period - Goal by Jakob Silfverberg - SACRAMENTO BANDITS : 1 - ANAHEIM OUTLAWS : 1. 12:53 of 1st period - Fredrik Karlstrom wins face-off versus Jeff Skinner in neutral zone. 13:04 of 1st period - Shot by Carter Verhaeghe. 13:04 of 1st period - Goal by Carter Verhaeghe - SACRAMENTO BANDITS : 1 - ANAHEIM OUTLAWS : 2. 13:05 of 1st period - Anthony Beauvillier wins face-off versus Adrian Kempe in neutral zone. 13:05 of 1st period - Luke Schenn is hit by Adrian Kempe and loses puck. 13:19 of 1st period - Minor Penalty to Morgan Rielly for Cross-checking. 13:20 of 1st period - Jack Quinn wins face-off versus Matthew Knies in ANAHEIM OUTLAWS zone. 13:36 of 1st period - Josh Anderson is hit by Oliver Ekman-Larsson and loses puck. 13:39 of 1st period - Shot by Matthew Knies. 13:39 of 1st period - Shot Misses the Net. 13:41 of 1st period - Shot by Josh Anderson. 13:41 of 1st period - Stopped by Mackenzie Blackwood with a rebound. 13:43 of 1st period - Shot by Corey Perry. 13:43 of 1st period - Goal by Corey Perry - SACRAMENTO BANDITS : 2 - ANAHEIM OUTLAWS : 2. 13:44 of 1st period - Jeff Skinner wins face-off versus Anthony Beauvillier in neutral zone. 14:28 of 1st period - Minor Penalty to Luke Schenn for Boarding. 14:29 of 1st period - Anthony Beauvillier wins face-off versus Kevin Fiala in SACRAMENTO BANDITS zone. 14:53 of 1st period - Shot by Kevin Fiala. 14:53 of 1st period - Deflect By Carter Verhaeghe. 14:53 of 1st period - Goal by Carter Verhaeghe - SACRAMENTO BANDITS : 2 - ANAHEIM OUTLAWS : 3. 14:54 of 1st period - Pierre Engvall wins face-off versus Blake Wheeler in neutral zone. 15:18 of 1st period - Shot by Jack Quinn. 15:18 of 1st period - Deflect By Alexander Nylander. 15:18 of 1st period - Stopped by Matthew Murray without a rebound. 15:19 of 1st period - Adrian Kempe wins face-off versus Adam Gaudette in SACRAMENTO BANDITS zone. 15:19 of 1st period - Adrian Kempe is hit by Antti Tuomisto. 15:23 of 1st period - Shot by Michael Rasmussen. 15:23 of 1st period - Stopped by Matthew Murray with a rebound. 15:34 of 1st period - Adrian Kempe is hit by Antti Tuomisto and loses puck. 15:40 of 1st period - Minor Penalty to Matthew Knies for Slashing. 15:41 of 1st period - Jeff Skinner wins face-off versus Anthony Beauvillier in SACRAMENTO BANDITS zone. 15:41 of 1st period - Michael Bunting is hit by Luke Schenn and loses puck. 15:49 of 1st period - Michael Bunting is hit by Luke Schenn and loses puck. 17:02 of 1st period - Shot by Carter Verhaeghe. 17:02 of 1st period - Shot Misses the Net. 17:04 of 1st period - Shot by Pius Suter. 17:04 of 1st period - Stopped by Matthew Murray with a rebound. 17:06 of 1st period - Shot by Pius Suter. 17:06 of 1st period - Shot Misses the Net. 17:14 of 1st period - Shot by Carter Verhaeghe. 17:14 of 1st period - Stopped by Matthew Murray without a rebound. 17:15 of 1st period - Pius Suter wins face-off versus Josh Anderson in SACRAMENTO BANDITS zone. 17:16 of 1st period - Shot by Carter Verhaeghe. 17:16 of 1st period - Shot Misses the Net. 17:18 of 1st period - Shot by Oliver Ekman-Larsson. 17:18 of 1st period - Stopped by Matthew Murray with a rebound. 17:20 of 1st period - Shot by Pius Suter. 17:20 of 1st period - Deflect By Kevin Fiala. 17:20 of 1st period - Stopped by Matthew Murray without a rebound. 17:21 of 1st period - Carter Verhaeghe wins face-off versus Josh Anderson in SACRAMENTO BANDITS zone. 17:30 of 1st period - Shot by Kevin Fiala. 17:30 of 1st period - Goal by Kevin Fiala - SACRAMENTO BANDITS : 2 - ANAHEIM OUTLAWS : 4. 17:30 of 1st period - Daniel Vladar enters game. 17:31 of 1st period - Pierre Engvall wins face-off versus Blake Wheeler in neutral zone. 17:38 of 1st period - Shot by Alexander Nylander. 17:38 of 1st period - Shot Blocked by Corey Perry. 17:40 of 1st period - Shot by Noah Hanifin. 17:40 of 1st period - Shot Misses the Net. 17:42 of 1st period - Shot by Jack Quinn. 17:42 of 1st period - Shot Hit the Post. 17:44 of 1st period - Shot by Rasmus Ristolainen. 17:44 of 1st period - Stopped by Daniel Vladar without a rebound. 17:45 of 1st period - Fredrik Karlstrom wins face-off versus Adrian Kempe in SACRAMENTO BANDITS zone. 17:45 of 1st period - Fredrik Karlstrom is hit by Adrian Kempe. 17:52 of 1st period - Dillon Dube is hit by Morgan Rielly and loses puck. 17:59 of 1st period - Shot by Kiefer Sherwood. 17:59 of 1st period - Stopped by Mackenzie Blackwood without a rebound. 18:00 of 1st period - Blake Wheeler wins face-off versus Jeff Skinner in ANAHEIM OUTLAWS zone. 18:01 of 1st period - Shot by Josh Anderson. 18:01 of 1st period - Shot Misses the Net. 18:03 of 1st period - Shot by Zach Bogosian. 18:03 of 1st period - Stopped by Mackenzie Blackwood without a rebound. 18:04 of 1st period - Blake Wheeler wins face-off versus Adrian Kempe in ANAHEIM OUTLAWS zone. 18:05 of 1st period - Shot by Josh Anderson. 18:05 of 1st period - Shot Misses the Net. 18:26 of 1st period - Adrian Kempe is hit by Luke Schenn and loses puck. 18:38 of 1st period - Icing by Zach Bogosian. 18:39 of 1st period - Jeff Skinner wins face-off versus Blake Wheeler in SACRAMENTO BANDITS zone. 18:41 of 1st period - Carter Verhaeghe is hit by Luke Schenn and loses puck. 18:45 of 1st period - Icing by Luke Schenn. 18:46 of 1st period - Blake Wheeler wins face-off versus Jeff Skinner in SACRAMENTO BANDITS zone. 19:34 of 1st period - Shot by Dominik Kubalik. 19:34 of 1st period - Shot Hit the Post. Goals for this period are 2 for SACRAMENTO BANDITS vs 4 for ANAHEIM OUTLAWS. Shots for this period are 19 for SACRAMENTO BANDITS vs 17 for ANAHEIM OUTLAWS. 2nd period 0:01 of 2nd period - Adrian Kempe wins face-off versus Adam Gaudette in neutral zone. 0:05 of 2nd period - Shot by Adrian Kempe. 0:05 of 2nd period - Goal by Adrian Kempe - SACRAMENTO BANDITS : 2 - ANAHEIM OUTLAWS : 5. 0:06 of 2nd period - Adrian Kempe wins face-off versus Adam Gaudette in neutral zone. 0:37 of 2nd period - Shot by Kevin Fiala. 0:37 of 2nd period - Stopped by Daniel Vladar without a rebound. 0:38 of 2nd period - Anthony Beauvillier wins face-off versus Pierre Engvall in SACRAMENTO BANDITS zone. 0:38 of 2nd period - Dominik Kubalik is hit by Pierre Engvall and loses puck. 0:42 of 2nd period - Anthony Beauvillier is hit by Jack Quinn and loses puck. 1:07 of 2nd period - Anthony Beauvillier is hit by Henri Jokiharju and loses puck. 1:11 of 2nd period - Jakob Silfverberg is hit by Oliver Ekman-Larsson and loses puck. 1:17 of 2nd period - Icing by Oliver Ekman-Larsson. 1:18 of 2nd period - Blake Wheeler wins face-off versus Pierre Engvall in ANAHEIM OUTLAWS zone. 1:18 of 2nd period - Blake Wheeler is hit by Oliver Ekman-Larsson. 1:23 of 2nd period - Josh Anderson is hit by Oliver Ekman-Larsson and loses puck. 1:50 of 2nd period - Shot by Corey Perry. 1:50 of 2nd period - Deflect By Josh Anderson. 1:50 of 2nd period - Stopped by Mackenzie Blackwood with a rebound. 2:06 of 2nd period - Lawson Crouse is hit by Jack Quinn. 2:09 of 2nd period - Off-side. 2:10 of 2nd period - Fredrik Karlstrom wins face-off versus Adrian Kempe in neutral zone. 2:17 of 2nd period - Shot by Kiefer Sherwood. 2:17 of 2nd period - Stopped by Mackenzie Blackwood without a rebound. 2:18 of 2nd period - Adrian Kempe wins face-off versus Matthew Knies in ANAHEIM OUTLAWS zone. 2:43 of 2nd period - Matthew Knies is hit by Morgan Rielly and loses puck. 2:54 of 2nd period - Shot by Lawson Crouse. 2:54 of 2nd period - Shot Blocked by Ryan Johnson. 2:56 of 2nd period - Shot by Lawson Crouse. 2:56 of 2nd period - Stopped by Mackenzie Blackwood without a rebound. 2:57 of 2nd period - Jeff Skinner wins face-off versus Anthony Beauvillier in ANAHEIM OUTLAWS zone. 3:30 of 2nd period - Shot by Jeff Skinner. 3:30 of 2nd period - Shot Misses the Net. 3:45 of 2nd period - Icing by Jakob Silfverberg. 3:46 of 2nd period - Anthony Beauvillier wins face-off versus Adrian Kempe in SACRAMENTO BANDITS zone. 3:46 of 2nd period - Anthony Beauvillier is hit by Kevin Fiala. 3:55 of 2nd period - Off-side. 3:56 of 2nd period - Josh Anderson wins face-off versus Joey Anderson in neutral zone. 4:05 of 2nd period - Shot by Josh Anderson. 4:05 of 2nd period - Stopped by Mackenzie Blackwood without a rebound. 4:06 of 2nd period - Matthew Knies wins face-off versus Adrian Kempe in ANAHEIM OUTLAWS zone. 4:17 of 2nd period - Shot by Kevin Fiala. 4:17 of 2nd period - Shot Misses the Net. 4:27 of 2nd period - Shot by Lawson Crouse. 4:27 of 2nd period - Stopped by Mackenzie Blackwood without a rebound. 4:28 of 2nd period - Jeff Skinner wins face-off versus Blake Wheeler in ANAHEIM OUTLAWS zone. 4:43 of 2nd period - Shot by Corey Perry. 4:43 of 2nd period - Shot Blocked by Oliver Ekman-Larsson. 4:45 of 2nd period - Shot by Josh Anderson. 4:45 of 2nd period - Shot Blocked by Oliver Ekman-Larsson. 4:47 of 2nd period - Shot by Blake Wheeler. 4:47 of 2nd period - Shot Misses the Net. 4:49 of 2nd period - Shot by J